[ AOE2 MATCH · #470697478 ]
Team RMSaracens vs Franks
[ REPLAY ANALYSIS · EXTRACTED FROM THE RECORDED GAME ]
Feudal
—
Castle
—
Imperial
—
| APM avg | 24.9 |
| APM peak | 74 |
| eAPM avg | 14.9 |
| Villagers / military | 134 / 138 |
Focus
⚔️ 28.6% · 🌾 71.4%
Mameluke ×82 · Camel Scout ×52 · Trade Cart ×11 · Monk ×4
Feudal
10:21
Castle
15:42
Imperial
36:57
| APM avg | 43.5 |
| APM peak | 88 |
| eAPM avg | 16.9 |
| Villagers / military | 89 / 80 |
Focus
⚔️ 35.9% · 🌾 64.1%
Mameluke ×78 · Monk ×2
Feudal
11:16
Castle
15:17
Imperial
28:49
| APM avg | 21.6 |
| APM peak | 69 |
| eAPM avg | 12.8 |
| Villagers / military | 86 / 103 |
Focus
⚔️ 18.8% · 🌾 81.2%
Hand Cannoneer ×95 · Bombard Cannon ×6 · Spearman ×2
Feudal
11:37
Castle
15:18
Imperial
30:45
| APM avg | 25.3 |
| APM peak | 51 |
| eAPM avg | 16.9 |
| Villagers / military | 139 / 121 |
Focus
⚔️ 31.3% · 🌾 68.7%
Scorpion ×58 · Spearman ×30 · Battering Ram ×22 · Centurion ×7 · Monk ×4
Feudal
12:14
Castle
16:09
Imperial
28:35
| APM avg | 29.2 |
| APM peak | 60 |
| eAPM avg | 17.7 |
| Villagers / military | 122 / 296 |
Focus
⚔️ 31.5% · 🌾 68.5%
Spearman ×167 · Knight ×41 · Hand Cannoneer ×31 · Skirmisher ×30 · Coustillier ×13 · Bombard Cannon ×7
Feudal
—
Castle
—
Imperial
—
| APM avg | 22.0 |
| APM peak | 55 |
| eAPM avg | 10.4 |
| Villagers / military | 127 / 89 |
Focus
⚔️ 18.2% · 🌾 81.8%
Genoese Crossbowman ×65 · Mangonel ×13 · Bombard Cannon ×7 · Monk ×4
Feudal
12:10
Castle
19:13
Imperial
—
| APM avg | 22.4 |
| APM peak | 71 |
| eAPM avg | 17.6 |
| Villagers / military | 105 / 94 |
Focus
⚔️ 30.5% · 🌾 69.5%
Knight ×28 · Spearman ×16 · Mangonel ×16 · Scout Cavalry ×12 · Militia ×11 · Battering Ram ×9
Feudal
10:15
Castle
16:51
Imperial
31:21
| APM avg | 25.4 |
| APM peak | 61 |
| eAPM avg | 12.6 |
| Villagers / military | 113 / 68 |
Focus
⚔️ 19.2% · 🌾 80.8%
Scorpion ×61 · Battering Ram ×5 · Trebuchet (Packed) ×2
Match map
Initial resources + every placement click. Lines = walls · curves = elevation contours. ◆ gold · ⬟ stone · ● berries · ✦ relic · ◌ wall gap
Your base· ✓ Closed at 16:39 · 0t walls · 3 gate(s)
oOoOo_oO's base· ✓ Closed at 15:42 · 0t walls · 3 gate(s)
TobyO's base· ✓ Closed at 15:17 · 0t walls · 2 gate(s)
Ispakeinglis's base· ✓ Closed at 15:18 · 0t walls · 2 gate(s)
The_Physicist's base· ✓ Closed at 16:09 · 0t walls · 3 gate(s)
LadenStone72050's base· ✓ Closed at 14:36 · 0t walls · 3 gate(s)
argentineau's base· ✓ Closed at 19:13 · 0t walls · 2 gate(s)
Poliwag's base· ✓ Closed at 16:51 · 0t walls · 2 gate(s)
Smoothed initial terrain · ◌ = detected wall gap · hover for details
Inputs per minute
— Deleve3316 - - oOoOo_oO
Build order — Deleve3316
First 150 of 451 actions detected
| 0:02 | Create | Villager (Male) |
| 0:02 | Create | Villager (Male) |
| 0:03 | Create | Villager (Male) |
| 0:04 | Build | House |
| 0:06 | Build | House |
| 0:34 | Create | Villager (Male) |
| 0:34 | Create | Villager (Male) |
| 1:52 | Create | Villager (Male) |
| 1:52 | Create | Villager (Male) |
| 2:15 | Create | Villager (Male) |
| 2:15 | Create | Villager (Male) |
| 2:52 | Build | Lumber Camp |
| 2:53 | Create | Villager (Male) |
| 2:53 | Create | Villager (Male) |
| 3:11 | Create | Villager (Male) |
| 3:35 | Create | Villager (Male) |
| 4:24 | Create | Villager (Male) |
| 4:24 | Create | Villager (Male) |
| 4:49 | Create | Villager (Male) |
| 4:53 | Build | House |
| 4:54 | Build | House |
| 5:04 | Create | Villager (Male) |
| 5:05 | Create | Villager (Male) |
| 5:36 | Create | Villager (Male) |
| 5:55 | Create | Villager (Male) |
| 6:00 | Build | Mill |
| 6:44 | Create | Villager (Male) |
| 6:45 | Create | Villager (Male) |
| 6:45 | Create | Villager (Male) |
| 6:45 | Create | Villager (Male) |
| 6:45 | Create | Villager (Male) |
| 6:47 | Create | Villager (Male) |
| 6:47 | Create | Villager (Male) |
| 7:40 | Create | Villager (Male) |
| 8:23 | Create | Villager (Male) |
| 8:23 | Create | Villager (Male) |
| 8:24 | Create | Villager (Male) |
| 8:38 | Build | House |
| 8:38 | Build | House |
| 8:43 | Build | Barracks |
| 9:21 | Create | Villager (Male) |
| 9:32 | Research | Feudal Age |
| 9:46 | Build | Mining Camp |
| 10:00 | Build | Mining Camp |
| 10:56 | Create | Villager (Male) |
| 10:56 | Create | Villager (Male) |
| 11:52 | Build | Market |
| 12:11 | Build | Stable |
| 12:18 | Build | Blacksmith |
| 12:22 | Create | Villager (Male) |
| 12:22 | Create | Villager (Male) |
| 12:35 | Build | House |
| 12:39 | Create | Villager (Male) |
| 12:58 | Build | Farm |
| 13:01 | Create | Villager (Male) |
| 13:35 | Build | House |
| 13:43 | Build | House |
| 13:45 | Build | House |
| 13:46 | Build | House |
| 13:55 | Create | Villager (Male) |
| 13:55 | Create | Villager (Male) |
| 14:18 | Build | Farm |
| 14:24 | Build | Farm |
| 14:35 | Create | Villager (Male) |
| 14:36 | Create | Villager (Male) |
| 14:37 | Create | Villager (Male) |
| 14:57 | Build | Farm |
| 15:06 | Build | Farm |
| 15:28 | Build | Farm |
| 15:29 | Build | Farm |
| 15:56 | Build | Farm |
| 16:05 | Build | Farm |
| 16:07 | Build | Farm |
| 16:19 | Build | Farm |
| 16:20 | Build | Farm |
| 16:39 | Research | Castle Age |
| 17:24 | Build | Farm |
| 17:26 | Build | Farm |
| 17:32 | Build | Farm |
| 17:33 | Build | Farm |
| 17:49 | Research | Horse Collar |
| 17:56 | Research | Double-Bit Axe |
| 18:36 | Research | Stone Mining |
| 18:38 | Research | Gold Mining |
| 18:38 | Research | Gold Mining |
| 18:46 | Research | Padded Archer Armor |
| 18:47 | Research | Fletching |
| 20:18 | Build | Castle |
| 20:21 | Create | Villager (Male) |
| 20:21 | Create | Villager (Male) |
| 20:34 | Build | Town Center |
| 20:51 | Build | Town Center |
| 20:59 | Create | Villager (Male) |
| 20:59 | Create | Villager (Male) |
| 21:00 | Create | Villager (Male) |
| 21:00 | Create | Villager (Male) |
| 21:17 | Create | Villager (Male) |
| 21:17 | Create | Villager (Male) |
| 21:19 | Create | Villager (Male) |
| 21:19 | Create | Villager (Male) |
| 21:19 | Create | Villager (Male) |
| 21:20 | Create | Villager (Male) |
| 21:20 | Create | Villager (Male) |
| 21:21 | Create | Villager (Male) |
| 22:00 | Research | Bloodlines |
| 22:05 | Create | Villager (Male) |
| 22:06 | Create | Villager (Male) |
| 22:06 | Research | Loom |
| 22:09 | Create | Villager (Male) |
| 22:09 | Create | Villager (Male) |
| 22:12 | Create | Villager (Male) |
| 22:13 | Create | Villager (Male) |
| 22:26 | Build | University |
| 22:31 | Build | Farm |
| 22:35 | Build | Farm |
| 22:36 | Build | Farm |
| 22:39 | Create | Villager (Male) |
| 22:48 | Create | Villager (Male) |
| 22:48 | Create | Villager (Male) |
| 22:48 | Create | Villager (Male) |
| 22:59 | Create | Mameluke |
| 22:59 | Create | Mameluke |
| 23:12 | Create | Villager (Male) |
| 23:13 | Create | Villager (Male) |
| 23:16 | Build | Farm |
| 23:16 | Build | Farm |
| 23:16 | Build | Farm |
| 23:17 | Build | Farm |
| 23:17 | Build | Farm |
| 23:17 | Build | Farm |
| 23:18 | Build | Farm |
| 23:18 | Build | Farm |
| 23:18 | Build | Farm |
| 23:20 | Create | Villager (Male) |
| 23:20 | Create | Villager (Male) |
| 23:29 | Create | Villager (Male) |
| 23:30 | Create | Villager (Male) |
| 23:35 | Build | Farm |
| 23:37 | Create | Villager (Male) |
| 23:37 | Create | Villager (Male) |
| 23:43 | Build | House |
| 23:44 | Build | House |
| 23:44 | Build | House |
| 23:44 | Build | House |
| 23:44 | Build | House |
| 23:46 | Create | Villager (Male) |
| 23:46 | Create | Villager (Male) |
| 24:02 | Create | Mameluke |
| 24:02 | Create | Mameluke |
| 24:09 | Create | Villager (Male) |
Build order — oOoOo_oO
First 150 of 292 actions detected
| 0:02 | Create | Villager (Male) |
| 0:03 | Build | House |
| 0:04 | Build | House |
| 0:25 | Create | Villager (Male) |
| 0:25 | Create | Villager (Male) |
| 0:25 | Create | Villager (Male) |
| 1:41 | Create | Villager (Male) |
| 1:41 | Create | Villager (Male) |
| 1:58 | Create | Villager (Male) |
| 1:58 | Create | Villager (Male) |
| 2:20 | Create | Villager (Male) |
| 2:32 | Create | Villager (Male) |
| 2:59 | Create | Villager (Male) |
| 2:59 | Create | Villager (Male) |
| 3:05 | Create | Villager (Male) |
| 4:06 | Create | Villager (Male) |
| 4:13 | Build | House |
| 4:14 | Build | House |
| 4:19 | Build | Lumber Camp |
| 5:16 | Create | Villager (Male) |
| 5:17 | Create | Villager (Male) |
| 5:26 | Create | Villager (Male) |
| 5:27 | Create | Villager (Male) |
| 5:35 | Create | Villager (Male) |
| 6:31 | Create | Villager (Male) |
| 6:41 | Build | Mill |
| 7:35 | Create | Villager (Male) |
| 8:07 | Research | Feudal Age |
| 8:20 | Build | Mining Camp |
| 9:36 | Build | Mining Camp |
| 10:21 | Age | Feudal Age |
| 10:39 | Create | Villager (Male) |
| 10:48 | Build | Blacksmith |
| 10:51 | Build | House |
| 11:25 | Build | Market |
| 12:10 | Create | Villager (Male) |
| 13:02 | Research | Castle Age |
| 13:02 | Research | Castle Age |
| 13:26 | Research | Loom |
| 14:34 | Research | Double-Bit Axe |
| 14:43 | Research | Horse Collar |
| 14:44 | Research | Horse Collar |
| 15:42 | Age | Castle Age |
| 15:45 | Build | Castle |
| 15:48 | Create | Villager (Male) |
| 16:09 | Research | Town Watch |
| 16:14 | Build | Farm |
| 16:14 | Build | Farm |
| 16:56 | Create | Mameluke |
| 16:56 | Create | Mameluke |
| 17:09 | Build | Farm |
| 17:10 | Build | Farm |
| 17:13 | Create | Mameluke |
| 17:39 | Create | Mameluke |
| 17:56 | Build | Farm |
| 18:14 | Create | Villager (Male) |
| 18:43 | Create | Villager (Male) |
| 18:43 | Create | Villager (Male) |
| 18:46 | Build | Farm |
| 18:48 | Create | Villager (Male) |
| 19:18 | Create | Mameluke |
| 19:18 | Create | Mameluke |
| 19:19 | Create | Mameluke |
| 19:38 | Build | Farm |
| 20:03 | Create | Mameluke |
| 20:03 | Create | Mameluke |
| 20:19 | Create | Villager (Male) |
| 20:19 | Create | Villager (Male) |
| 20:27 | Build | Farm |
| 20:27 | Build | Farm |
| 20:42 | Build | Castle |
| 20:59 | Create | Mameluke |
| 21:00 | Create | Mameluke |
| 21:11 | Create | Villager (Male) |
| 21:32 | Create | Villager (Male) |
| 21:32 | Create | Villager (Male) |
| 21:39 | Build | Farm |
| 21:39 | Build | Farm |
| 21:58 | Create | Villager (Male) |
| 21:58 | Create | Villager (Male) |
| 21:59 | Create | Villager (Male) |
| 22:17 | Create | Mameluke |
| 22:17 | Create | Mameluke |
| 22:24 | Build | Farm |
| 22:54 | Create | Mameluke |
| 22:55 | Create | Villager (Male) |
| 22:55 | Create | Villager (Male) |
| 23:05 | Create | Villager (Male) |
| 23:06 | Create | Villager (Male) |
| 23:12 | Build | Lumber Camp |
| 23:50 | Create | Villager (Male) |
| 23:50 | Create | Villager (Male) |
| 23:55 | Research | Gold Mining |
| 24:08 | Create | Villager (Male) |
| 24:44 | Research | Wheelbarrow |
| 24:49 | Build | Farm |
| 25:23 | Create | Mameluke |
| 25:24 | Create | Mameluke |
| 25:24 | Create | Mameluke |
| 25:45 | Build | Town Center |
| 25:51 | Create | Mameluke |
| 26:20 | Build | Farm |
| 26:20 | Build | Farm |
| 26:21 | Build | Farm |
| 26:48 | Create | Mameluke |
| 26:53 | Research | Gold Shaft Mining |
| 26:55 | Create | Villager (Male) |
| 26:55 | Create | Villager (Male) |
| 26:55 | Create | Villager (Male) |
| 27:02 | Build | Farm |
| 27:02 | Build | Farm |
| 27:07 | Create | Mameluke |
| 27:07 | Create | Mameluke |
| 27:35 | Build | Farm |
| 27:36 | Create | Villager (Male) |
| 27:52 | Create | Villager (Male) |
| 27:52 | Create | Villager (Male) |
| 28:05 | Create | Mameluke |
| 28:05 | Create | Mameluke |
| 28:12 | Research | Forging |
| 28:12 | Research | Forging |
| 28:38 | Research | Hand Cart |
| 28:40 | Create | Villager (Male) |
| 28:40 | Create | Villager (Male) |
| 28:41 | Create | Villager (Male) |
| 28:44 | Build | Farm |
| 28:48 | Create | Villager (Male) |
| 28:48 | Create | Villager (Male) |
| 29:19 | Research | Town Patrol |
| 29:19 | Research | Town Patrol |
| 30:05 | Build | Barracks |
| 30:15 | Create | Villager (Male) |
| 30:15 | Create | Villager (Male) |
| 30:34 | Research | Scale Barding Armor |
| 30:34 | Research | Scale Barding Armor |
| 30:38 | Research | Heavy Plow |
| 30:38 | Research | Heavy Plow |
| 31:26 | Research | Chain Barding Armor |
| 31:26 | Research | Chain Barding Armor |
| 31:31 | Build | Farm |
| 31:32 | Build | Farm |
| 31:35 | Build | Farm |
| 31:38 | Build | Farm |
| 31:43 | Research | Forging |
| 31:43 | Research | Forging |
| 32:15 | Build | Farm |
| 32:21 | Create | Villager (Male) |
| 32:21 | Create | Villager (Male) |
| 32:22 | Create | Villager (Male) |
| 32:23 | Create | Villager (Male) |
Build order — TobyO
First 150 of 216 actions detected
| 0:03 | Create | Villager (Male) ×4 |
| 0:06 | Build | House |
| 0:09 | Build | House |
| 1:29 | Create | Villager (Male) |
| 2:01 | Build | Lumber Camp |
| 2:08 | Create | Villager (Male) |
| 2:09 | Create | Villager (Male) |
| 2:30 | Create | Villager (Male) |
| 2:31 | Create | Villager (Male) |
| 2:57 | Create | Villager (Male) |
| 2:58 | Create | Villager (Male) |
| 2:58 | Create | Villager (Male) |
| 3:23 | Create | Villager (Male) |
| 3:24 | Create | Villager (Male) |
| 3:48 | Create | Villager (Male) |
| 3:48 | Create | Villager (Male) |
| 4:00 | Build | Mill |
| 4:02 | Build | House |
| 4:27 | Create | Villager (Male) |
| 4:27 | Create | Villager (Male) |
| 4:47 | Create | Villager (Male) |
| 4:47 | Create | Villager (Male) |
| 5:14 | Build | House |
| 5:26 | Create | Villager (Male) |
| 5:26 | Create | Villager (Male) |
| 5:33 | Create | Villager (Male) |
| 5:33 | Create | Villager (Male) |
| 6:19 | Create | Villager (Male) ×4 |
| 6:19 | Create | Villager (Male) ×4 |
| 6:30 | Build | House |
| 6:38 | Create | Villager (Male) |
| 6:38 | Create | Villager (Male) |
| 7:16 | Build | Mining Camp |
| 7:51 | Create | Villager (Male) |
| 8:52 | Build | Mining Camp |
| 9:06 | Research | Feudal Age |
| 9:31 | Create | Villager (Male) |
| 9:31 | Create | Villager (Male) |
| 10:11 | Build | House |
| 11:16 | Age | Feudal Age |
| 11:21 | Build | Blacksmith |
| 11:28 | Build | Market |
| 11:55 | Build | Barracks |
| 12:12 | Build | Farm |
| 12:12 | Build | Farm |
| 12:37 | Research | Castle Age |
| 12:47 | Build | Farm |
| 12:48 | Build | Farm |
| 13:18 | Build | Farm |
| 13:41 | Create | Spearman |
| 13:47 | Build | Farm |
| 14:08 | Build | Farm |
| 14:32 | Research | Loom |
| 14:38 | Build | Farm |
| 14:42 | Research | Town Watch |
| 14:54 | Build | Outpost |
| 15:03 | Build | Outpost |
| 15:16 | Create | Spearman |
| 15:17 | Age | Castle Age |
| 15:42 | Build | Castle |
| 16:24 | Build | Castle |
| 16:48 | Create | Villager (Male) |
| 16:48 | Create | Villager (Male) |
| 16:58 | Research | Double-Bit Axe |
| 17:00 | Research | Horse Collar |
| 17:29 | Build | Outpost |
| 17:37 | Research | Bow Saw |
| 17:40 | Create | Villager (Male) |
| 17:48 | Build | Farm |
| 17:55 | Build | Farm |
| 17:58 | Create | Villager (Male) |
| 18:21 | Research | Fletching |
| 18:31 | Build | Outpost |
| 18:48 | Create | Villager (Male) |
| 18:48 | Create | Villager (Male) |
| 19:03 | Build | Stone Wall |
| 19:23 | Build | Farm |
| 19:25 | Create | Villager (Male) |
| 19:25 | Create | Villager (Male) |
| 19:30 | Create | Villager (Male) |
| 19:37 | Build | Farm |
| 19:37 | Build | Farm |
| 19:43 | Build | Farm |
| 20:02 | Build | Farm |
| 20:05 | Create | Villager (Male) |
| 20:05 | Create | Villager (Male) |
| 20:11 | Build | Farm |
| 20:43 | Build | Farm |
| 20:43 | Build | Farm |
| 20:43 | Build | Farm |
| 20:44 | Build | Farm |
| 20:45 | Build | Farm |
| 20:54 | Create | Villager (Male) |
| 21:00 | Build | House |
| 21:00 | Build | House |
| 21:01 | Build | House |
| 21:01 | Build | House |
| 21:01 | Build | House |
| 21:02 | Build | House |
| 21:02 | Build | House |
| 21:10 | Build | Farm |
| 21:10 | Build | Farm |
| 21:11 | Build | Farm |
| 21:49 | Build | Monastery |
| 22:24 | Build | Farm |
| 22:31 | Create | Villager (Male) |
| 22:31 | Create | Villager (Male) |
| 22:34 | Research | Fervor |
| 23:19 | Build | Lumber Camp |
| 23:24 | Create | Villager (Male) |
| 23:24 | Create | Villager (Male) |
| 23:40 | Build | Farm |
| 23:45 | Build | Farm |
| 23:52 | Create | Villager (Male) |
| 23:52 | Create | Villager (Male) |
| 23:53 | Create | Villager (Male) |
| 23:53 | Create | Villager (Male) |
| 23:53 | Create | Villager (Male) |
| 24:09 | Build | Farm |
| 25:39 | Research | Imperial Age |
| 25:40 | Research | Wheelbarrow |
| 26:08 | Build | Town Center |
| 26:31 | Research | Wheelbarrow |
| 26:58 | Research | Padded Archer Armor |
| 27:00 | Research | Heavy Plow |
| 27:47 | Research | Bodkin Arrow |
| 28:01 | Build | University |
| 28:07 | Build | Archery Range |
| 28:11 | Build | Archery Range |
| 28:22 | Create | Villager (Male) ×5 |
| 28:38 | Create | Villager (Male) ×5 |
| 28:47 | Research | Chemistry |
| 28:49 | Age | Imperial Age |
| 28:54 | Research | Two-Man Saw |
| 29:38 | Build | Archery Range |
| 29:56 | Research | Leather Archer Armor |
| 30:09 | Build | Archery Range |
| 30:17 | Create | Villager (Male) ×5 |
| 30:29 | Research | Conscription |
| 30:29 | Research | Conscription |
| 31:07 | Create | Hand Cannoneer ×2 |
| 31:07 | Create | Hand Cannoneer ×2 |
| 31:14 | Create | Hand Cannoneer ×4 |
| 31:14 | Create | Hand Cannoneer ×4 |
| 31:21 | Create | Hand Cannoneer ×4 |
| 31:21 | Create | Hand Cannoneer ×4 |
| 31:51 | Research | Hand Cart |
| 31:54 | Create | Hand Cannoneer ×3 |
| 31:55 | Create | Hand Cannoneer ×3 |
| 32:00 | Create | Hand Cannoneer ×2 |
Build order — Ispakeinglis
First 150 of 440 actions detected
| 0:01 | Create | Villager (Male) |
| 0:01 | Create | Villager (Male) |
| 0:04 | Build | House |
| 0:06 | Build | House |
| 0:24 | Create | Villager (Male) |
| 0:24 | Create | Villager (Male) |
| 1:28 | Create | Villager (Male) |
| 2:01 | Create | Villager (Male) |
| 2:20 | Build | Lumber Camp |
| 2:23 | Create | Villager (Male) |
| 2:46 | Create | Villager (Male) |
| 3:17 | Create | Villager (Male) |
| 3:31 | Build | House |
| 3:49 | Build | House |
| 3:55 | Create | Villager (Male) |
| 3:55 | Create | Villager (Male) |
| 3:55 | Create | Villager (Male) |
| 4:58 | Create | Villager (Male) |
| 5:36 | Build | Mill |
| 5:42 | Create | Villager (Male) |
| 5:43 | Create | Villager (Male) |
| 5:44 | Create | Villager (Male) |
| 6:44 | Create | Villager (Male) |
| 6:45 | Create | Villager (Male) |
| 6:46 | Create | Villager (Male) |
| 6:47 | Create | Villager (Male) |
| 6:48 | Create | Villager (Male) |
| 6:49 | Create | Villager (Male) |
| 7:52 | Build | House |
| 9:01 | Research | Feudal Age |
| 9:49 | Create | Villager (Male) |
| 9:51 | Create | Villager (Male) |
| 9:58 | Build | Mining Camp |
| 10:29 | Build | Farm |
| 10:30 | Build | Farm |
| 10:31 | Build | Farm |
| 10:59 | Build | Farm |
| 10:59 | Build | Farm |
| 11:07 | Build | House |
| 11:37 | Age | Feudal Age |
| 11:42 | Build | Market |
| 11:58 | Build | Blacksmith |
| 12:26 | Build | Farm |
| 12:38 | Research | Castle Age |
| 13:02 | Build | Barracks |
| 13:08 | Build | Farm |
| 13:38 | Create | Villager (Male) |
| 13:38 | Create | Villager (Male) |
| 13:40 | Research | Loom |
| 14:01 | Build | House |
| 14:03 | Build | House |
| 14:06 | Create | Spearman |
| 14:06 | Create | Spearman |
| 14:57 | Build | Farm |
| 15:03 | Build | House |
| 15:04 | Create | Spearman |
| 15:06 | Create | Villager (Male) |
| 15:18 | Age | Castle Age |
| 15:23 | Build | Town Center |
| 15:46 | Research | Double-Bit Axe |
| 16:03 | Build | Monastery |
| 16:09 | Create | Villager (Male) |
| 16:10 | Create | Villager (Male) |
| 16:10 | Create | Villager (Male) |
| 16:46 | Create | Villager (Male) |
| 16:47 | Create | Villager (Male) |
| 16:50 | Build | Farm |
| 16:57 | Build | Town Center |
| 16:59 | Create | Monk |
| 17:06 | Create | Villager (Male) |
| 17:06 | Create | Spearman |
| 17:17 | Build | Farm |
| 17:37 | Create | Villager (Male) |
| 17:38 | Create | Villager (Male) |
| 17:41 | Research | Horse Collar |
| 17:50 | Create | Villager (Male) |
| 17:54 | Create | Monk |
| 18:15 | Create | Villager (Male) |
| 18:15 | Create | Villager (Male) |
| 18:46 | Build | Siege Workshop |
| 18:48 | Create | Villager (Male) |
| 18:57 | Create | Monk |
| 18:59 | Create | Villager (Male) |
| 19:00 | Create | Villager (Male) |
| 19:17 | Create | Villager (Male) |
| 19:25 | Create | Villager (Male) |
| 19:28 | Build | Farm |
| 19:29 | Build | Farm |
| 19:29 | Build | Farm |
| 19:32 | Build | Farm |
| 19:45 | Create | Monk |
| 19:50 | Build | Farm |
| 19:51 | Build | Farm |
| 19:51 | Build | Farm |
| 19:52 | Create | Villager (Male) |
| 19:58 | Build | House |
| 20:00 | Build | House |
| 20:02 | Build | House |
| 20:05 | Build | Farm |
| 20:09 | Create | Villager (Male) |
| 20:34 | Create | Villager (Male) |
| 20:35 | Create | Villager (Male) |
| 20:35 | Create | Villager (Male) |
| 21:03 | Create | Villager (Male) |
| 21:03 | Create | Villager (Male) |
| 21:04 | Create | Villager (Male) |
| 21:11 | Build | Town Center |
| 21:16 | Create | Scorpion |
| 21:16 | Create | Scorpion |
| 21:17 | Create | Villager (Male) |
| 21:25 | Create | Spearman |
| 21:31 | Build | Farm |
| 21:31 | Build | Farm |
| 21:42 | Build | Farm |
| 21:43 | Build | Farm |
| 21:43 | Build | Farm |
| 21:44 | Build | Farm |
| 21:45 | Build | Farm |
| 21:57 | Create | Villager (Male) |
| 21:59 | Create | Villager (Male) |
| 22:03 | Create | Spearman |
| 22:03 | Create | Spearman |
| 22:36 | Create | Scorpion |
| 22:37 | Create | Villager (Male) |
| 22:37 | Create | Villager (Male) |
| 22:39 | Build | Farm |
| 23:05 | Create | Villager (Male) |
| 23:06 | Create | Villager (Male) |
| 23:06 | Create | Villager (Male) |
| 23:08 | Research | Wheelbarrow |
| 23:17 | Build | House |
| 23:19 | Build | House |
| 23:25 | Build | House |
| 23:27 | Build | House |
| 23:28 | Create | Villager (Male) |
| 23:30 | Research | Town Watch |
| 23:36 | Create | Villager (Male) |
| 23:37 | Create | Villager (Male) |
| 23:57 | Build | Siege Workshop |
| 24:00 | Create | Villager (Male) |
| 24:01 | Create | Villager (Male) |
| 24:16 | Create | Villager (Male) |
| 24:16 | Create | Villager (Male) |
| 24:27 | Create | Villager (Male) |
| 24:31 | Research | Squires |
| 24:44 | Create | Villager (Male) |
| 25:01 | Create | Villager (Male) |
| 25:01 | Create | Villager (Male) |
| 25:01 | Create | Villager (Male) |
| 25:05 | Build | Farm |
Build order — The_Physicist
First 150 of 415 actions detected
| 0:03 | Create | Villager (Male) |
| 0:03 | Create | Villager (Male) |
| 0:04 | Create | Villager (Male) |
| 0:04 | Create | Villager (Male) |
| 0:05 | Build | House |
| 0:08 | Build | House |
| 1:27 | Create | Villager (Male) |
| 1:27 | Create | Villager (Male) |
| 1:55 | Create | Villager (Male) |
| 1:55 | Create | Villager (Male) |
| 2:20 | Create | Villager (Male) |
| 2:20 | Create | Villager (Male) |
| 2:38 | Build | Lumber Camp |
| 2:40 | Create | Villager (Male) |
| 2:40 | Create | Villager (Male) |
| 2:55 | Create | Villager (Male) |
| 2:56 | Create | Villager (Male) |
| 3:12 | Create | Villager (Male) |
| 3:12 | Create | Villager (Male) |
| 3:38 | Build | House |
| 3:42 | Create | Villager (Male) |
| 3:42 | Create | Villager (Male) |
| 4:05 | Build | House |
| 4:08 | Build | House |
| 4:11 | Create | Villager (Male) |
| 4:11 | Create | Villager (Male) |
| 4:33 | Create | Villager (Male) |
| 4:34 | Create | Villager (Male) |
| 4:38 | Build | House |
| 5:01 | Create | Villager (Male) |
| 5:01 | Create | Villager (Male) |
| 5:01 | Create | Villager (Male) |
| 5:06 | Build | House |
| 5:27 | Create | Villager (Male) |
| 5:27 | Create | Villager (Male) |
| 5:49 | Create | Villager (Male) |
| 6:00 | Research | Double-Bit Axe |
| 6:22 | Create | Villager (Male) |
| 6:23 | Create | Villager (Male) |
| 6:24 | Build | Mill |
| 6:25 | Create | Villager (Male) |
| 6:26 | Create | Villager (Male) |
| 7:05 | Create | Villager (Male) |
| 7:25 | Create | Villager (Male) |
| 7:25 | Create | Villager (Male) |
| 7:25 | Create | Villager (Male) |
| 7:26 | Create | Villager (Male) |
| 8:38 | Research | Horse Collar |
| 8:46 | Research | Wheelbarrow |
| 9:11 | Research | Feudal Age |
| 9:25 | Build | Farm |
| 9:27 | Build | Farm |
| 9:29 | Build | Farm |
| 9:31 | Build | Farm |
| 9:35 | Build | Farm |
| 9:41 | Build | Farm |
| 10:00 | Build | Mining Camp |
| 10:12 | Build | Farm |
| 10:16 | Build | Farm |
| 11:03 | Create | Villager (Male) |
| 11:23 | Build | Farm |
| 11:27 | Build | Farm |
| 11:46 | Create | Villager (Male) |
| 11:55 | Create | Villager (Male) |
| 12:11 | Create | Villager (Male) |
| 12:14 | Age | Feudal Age |
| 12:18 | Build | Market |
| 12:26 | Build | Blacksmith |
| 12:38 | Build | House |
| 12:39 | Build | House |
| 13:28 | Research | Castle Age |
| 13:39 | Build | House |
| 13:59 | Research | Bow Saw |
| 14:17 | Create | Villager (Male) |
| 14:21 | Research | Heavy Plow |
| 14:32 | Build | House |
| 14:59 | Create | Villager (Male) |
| 15:43 | Create | Villager (Male) |
| 16:09 | Age | Castle Age |
| 16:19 | Build | Town Center |
| 16:22 | Create | Villager (Male) |
| 16:38 | Build | Town Center |
| 16:41 | Create | Villager (Male) |
| 16:57 | Build | Monastery |
| 17:00 | Create | Villager (Male) |
| 17:09 | Research | Gold Mining |
| 17:22 | Create | Villager (Male) |
| 17:30 | Create | Monk |
| 17:30 | Create | Monk |
| 17:43 | Build | Farm |
| 17:52 | Build | Farm |
| 17:53 | Build | Farm |
| 17:55 | Create | Villager (Male) |
| 17:55 | Create | Villager (Male) |
| 17:56 | Create | Villager (Male) |
| 17:57 | Create | Villager (Male) |
| 17:59 | Research | Gold Shaft Mining |
| 18:04 | Build | Farm |
| 18:06 | Create | Villager (Male) |
| 18:11 | Build | Farm |
| 18:22 | Create | Villager (Male) |
| 18:33 | Create | Villager (Male) |
| 18:34 | Create | Villager (Male) |
| 18:35 | Create | Villager (Male) |
| 18:50 | Build | Farm |
| 18:51 | Build | Farm |
| 18:52 | Build | Farm |
| 19:02 | Research | Stone Mining |
| 19:05 | Create | Villager (Male) |
| 19:05 | Create | Villager (Male) |
| 19:06 | Create | Villager (Male) |
| 19:06 | Create | Villager (Male) |
| 19:15 | Build | Farm |
| 19:30 | Build | House |
| 19:31 | Build | House |
| 19:40 | Create | Villager (Male) |
| 19:40 | Create | Villager (Male) |
| 19:40 | Create | Villager (Male) |
| 19:40 | Create | Villager (Male) |
| 19:41 | Create | Villager (Male) |
| 19:43 | Create | Villager (Male) |
| 20:08 | Create | Monk |
| 20:14 | Build | House |
| 20:17 | Build | House |
| 20:32 | Research | Hand Cart |
| 20:36 | Create | Villager (Male) |
| 20:36 | Create | Villager (Male) |
| 20:36 | Create | Villager (Male) |
| 20:55 | Build | Mining Camp |
| 21:10 | Build | Gate |
| 21:12 | Build | Stone Wall |
| 21:14 | Research | Town Watch |
| 21:15 | Create | Villager (Male) |
| 21:16 | Create | Villager (Male) |
| 21:16 | Create | Villager (Male) |
| 21:19 | Build | Farm |
| 21:22 | Build | Farm |
| 21:24 | Create | Villager (Male) |
| 21:24 | Create | Villager (Male) |
| 21:24 | Create | Villager (Male) |
| 21:50 | Build | Town Center |
| 21:54 | Create | Villager (Male) |
| 21:55 | Create | Villager (Male) |
| 21:55 | Create | Villager (Male) |
| 21:55 | Create | Villager (Male) |
| 22:03 | Build | Farm |
| 22:06 | Build | Farm |
| 22:07 | Build | Farm |
| 22:25 | Build | Farm |
| 22:27 | Build | Farm |
Build order — LadenStone72050
First 150 of 226 actions detected
| 0:14 | Build | House |
| 0:14 | Build | House |
| 0:25 | Create | Villager (Male) |
| 0:26 | Research | Loom |
| 0:26 | Create | Villager (Male) |
| 0:26 | Create | Villager (Male) |
| 0:26 | Create | Villager (Male) |
| 0:27 | Create | Villager (Male) |
| 0:38 | Build | House |
| 0:39 | Build | House |
| 1:45 | Create | Villager (Male) |
| 1:45 | Create | Villager (Male) |
| 2:32 | Build | House |
| 2:39 | Build | House |
| 2:51 | Create | Villager (Male) |
| 3:19 | Create | Villager (Male) |
| 3:19 | Create | Villager (Male) |
| 3:49 | Create | Villager (Male) |
| 3:50 | Create | Villager (Male) |
| 4:07 | Create | Villager (Male) |
| 4:08 | Create | Villager (Male) |
| 4:42 | Create | Villager (Male) |
| 4:42 | Create | Villager (Male) |
| 4:48 | Build | Mill |
| 5:22 | Create | Villager (Male) |
| 5:22 | Create | Villager (Male) |
| 5:44 | Create | Villager (Male) |
| 5:44 | Create | Villager (Male) |
| 6:06 | Create | Villager (Male) |
| 6:06 | Create | Villager (Male) |
| 6:56 | Create | Villager (Male) |
| 7:18 | Build | Lumber Camp |
| 7:34 | Create | Villager (Male) |
| 8:25 | Research | Feudal Age |
| 8:26 | Research | Feudal Age |
| 9:37 | Build | Mining Camp |
| 10:07 | Build | Mining Camp |
| 10:37 | Create | Villager (Male) |
| 10:56 | Create | Villager (Male) |
| 11:12 | Build | Blacksmith |
| 11:18 | Build | Market |
| 11:23 | Create | Villager (Male) |
| 11:37 | Create | Villager (Male) |
| 12:10 | Create | Villager (Male) |
| 12:15 | Build | Farm |
| 12:15 | Build | Farm |
| 12:15 | Build | Farm |
| 12:37 | Build | Farm |
| 12:38 | Build | Farm |
| 12:38 | Build | Farm |
| 12:43 | Create | Villager (Male) |
| 12:58 | Build | House |
| 12:59 | Build | House |
| 13:01 | Build | House |
| 13:06 | Create | Villager (Male) |
| 13:36 | Create | Villager (Male) |
| 13:40 | Build | Farm |
| 13:40 | Build | Farm |
| 13:50 | Build | House |
| 13:51 | Build | House |
| 14:03 | Create | Villager (Male) |
| 14:36 | Research | Castle Age |
| 15:06 | Research | Double-Bit Axe |
| 17:20 | Create | Villager (Male) |
| 17:20 | Create | Villager (Male) |
| 17:25 | Build | Farm |
| 17:25 | Build | Farm |
| 17:26 | Build | Farm |
| 17:27 | Create | Villager (Male) |
| 17:43 | Build | Monastery |
| 18:06 | Research | Bow Saw |
| 18:11 | Create | Monk |
| 18:45 | Build | Castle |
| 18:57 | Create | Villager (Male) |
| 18:58 | Create | Villager (Male) |
| 18:58 | Create | Villager (Male) |
| 18:59 | Create | Villager (Male) |
| 19:07 | Research | Gold Mining |
| 19:24 | Create | Monk |
| 19:46 | Create | Villager (Male) |
| 19:47 | Build | Farm |
| 19:47 | Build | Farm |
| 19:47 | Build | Farm |
| 19:49 | Build | Farm |
| 19:50 | Build | Farm |
| 19:56 | Build | Farm |
| 19:56 | Build | Farm |
| 19:57 | Build | Farm |
| 20:12 | Create | Villager (Male) |
| 20:12 | Create | Villager (Male) |
| 20:16 | Create | Villager (Male) |
| 20:16 | Create | Villager (Male) |
| 20:56 | Create | Genoese Crossbowman ×5 |
| 20:56 | Create | Genoese Crossbowman ×5 |
| 20:56 | Create | Genoese Crossbowman ×5 |
| 21:36 | Create | Villager (Male) |
| 21:43 | Build | Farm |
| 21:46 | Build | Farm |
| 21:49 | Create | Villager (Male) |
| 21:50 | Create | Villager (Male) |
| 22:16 | Create | Genoese Crossbowman ×5 |
| 22:29 | Research | Fletching |
| 22:46 | Create | Villager (Male) |
| 22:57 | Build | Town Center |
| 23:32 | Create | Genoese Crossbowman |
| 23:33 | Create | Genoese Crossbowman |
| 23:36 | Create | Genoese Crossbowman |
| 23:40 | Create | Villager (Male) |
| 24:18 | Create | Villager (Male) |
| 24:30 | Build | University |
| 24:34 | Create | Villager (Male) |
| 24:51 | Create | Genoese Crossbowman |
| 24:51 | Create | Genoese Crossbowman |
| 24:55 | Create | Villager (Male) |
| 24:55 | Create | Villager (Male) |
| 24:56 | Create | Villager (Male) |
| 25:31 | Create | Villager (Male) |
| 25:31 | Create | Villager (Male) |
| 25:31 | Create | Villager (Male) |
| 26:11 | Research | Wheelbarrow |
| 26:20 | Research | Town Watch |
| 26:25 | Build | House |
| 26:30 | Build | House |
| 26:31 | Build | House |
| 26:31 | Build | House |
| 26:33 | Build | House |
| 26:34 | Build | House |
| 26:35 | Build | House |
| 26:37 | Build | House |
| 26:38 | Build | House |
| 26:39 | Build | House |
| 26:40 | Build | House |
| 26:41 | Build | House |
| 26:46 | Create | Villager (Male) |
| 26:46 | Create | Villager (Male) |
| 26:47 | Create | Villager (Male) |
| 27:27 | Research | Imperial Age |
| 27:37 | Create | Genoese Crossbowman ×2 |
| 27:37 | Create | Genoese Crossbowman ×2 |
| 28:06 | Build | Town Center |
| 28:13 | Research | Ballistics |
| 28:23 | Research | Bodkin Arrow |
| 28:24 | Research | Bodkin Arrow |
| 28:24 | Research | Bodkin Arrow |
| 29:37 | Research | Padded Archer Armor |
| 29:41 | Create | Villager (Male) ×5 |
| 29:41 | Create | Villager (Male) ×5 |
| 29:41 | Create | Villager (Male) ×5 |
| 29:45 | Build | Farm |
| 29:45 | Build | Farm |
Build order — argentineau
First 150 of 338 actions detected
| 0:12 | Build | House |
| 0:13 | Build | House |
| 0:17 | Create | Villager (Male) |
| 0:17 | Create | Villager (Male) |
| 0:18 | Create | Villager (Male) |
| 0:18 | Create | Villager (Male) |
| 0:18 | Create | Villager (Male) |
| 1:51 | Create | Villager (Male) |
| 2:38 | Create | Villager (Male) |
| 2:38 | Create | Villager (Male) |
| 2:46 | Create | Villager (Male) |
| 2:46 | Create | Villager (Male) |
| 3:06 | Create | Villager (Male) |
| 3:06 | Create | Villager (Male) |
| 3:09 | Build | Lumber Camp |
| 3:54 | Create | Villager (Male) |
| 3:54 | Create | Villager (Male) |
| 3:55 | Create | Villager (Male) |
| 4:12 | Build | House |
| 4:21 | Build | House |
| 4:22 | Build | House |
| 4:40 | Build | Mill |
| 4:43 | Create | Villager (Male) |
| 4:44 | Create | Villager (Male) |
| 5:13 | Create | Villager (Male) |
| 5:46 | Create | Villager (Male) |
| 5:46 | Create | Villager (Male) |
| 6:13 | Create | Villager (Male) |
| 6:13 | Create | Villager (Male) |
| 6:25 | Create | Villager (Male) |
| 6:25 | Create | Villager (Male) |
| 7:04 | Create | Villager (Male) |
| 7:05 | Create | Villager (Male) |
| 7:34 | Create | Villager (Male) |
| 7:45 | Create | Villager (Male) |
| 7:45 | Create | Villager (Male) |
| 8:19 | Create | Villager (Male) |
| 8:39 | Build | House |
| 8:52 | Create | Villager (Male) |
| 9:08 | Create | Villager (Male) |
| 9:08 | Create | Villager (Male) |
| 9:40 | Build | Mining Camp |
| 9:57 | Research | Feudal Age |
| 10:10 | Build | House |
| 10:11 | Build | House |
| 10:13 | Build | House |
| 11:40 | Build | Lumber Camp |
| 11:59 | Research | Loom |
| 12:10 | Age | Feudal Age |
| 12:12 | Build | Farm |
| 12:13 | Build | Farm |
| 12:14 | Research | Double-Bit Axe |
| 12:24 | Build | Blacksmith |
| 12:26 | Build | House |
| 12:34 | Create | Villager (Male) |
| 12:38 | Build | Farm |
| 12:39 | Build | Farm |
| 12:41 | Build | Farm |
| 12:43 | Build | Farm |
| 12:50 | Research | Gold Mining |
| 13:06 | Create | Villager (Male) |
| 13:06 | Create | Villager (Male) |
| 13:08 | Build | Farm |
| 13:36 | Build | Market |
| 13:38 | Build | Farm |
| 13:42 | Create | Villager (Male) |
| 13:47 | Build | Farm |
| 13:48 | Build | Farm |
| 13:56 | Create | Villager (Male) |
| 13:59 | Build | Farm |
| 14:05 | Build | Farm |
| 14:11 | Build | Farm |
| 14:13 | Create | Villager (Male) |
| 14:21 | Build | Farm |
| 14:24 | Create | Villager (Male) |
| 14:39 | Build | Farm |
| 14:44 | Create | Villager (Male) |
| 14:55 | Build | Farm |
| 15:33 | Create | Villager (Male) |
| 15:35 | Build | Farm |
| 15:37 | Build | Farm |
| 15:40 | Build | Farm |
| 16:02 | Build | Farm |
| 16:05 | Build | Farm |
| 16:30 | Build | Farm |
| 16:33 | Research | Castle Age |
| 17:21 | Build | Farm |
| 18:21 | Build | Barracks |
| 18:49 | Create | Villager (Male) |
| 19:13 | Age | Castle Age |
| 19:22 | Research | Scale Mail Armor |
| 19:26 | Build | Siege Workshop |
| 19:31 | Build | Barracks |
| 19:36 | Research | Bow Saw |
| 19:43 | Build | Town Center |
| 19:49 | Build | Town Center |
| 19:51 | Research | Wheelbarrow |
| 19:52 | Create | Villager (Male) |
| 19:52 | Create | Villager (Male) |
| 19:54 | Research | Gold Shaft Mining |
| 20:56 | Create | Villager (Male) |
| 20:56 | Create | Villager (Male) |
| 21:01 | Build | Town Center |
| 21:07 | Create | Spearman |
| 21:07 | Create | Spearman |
| 21:25 | Create | Villager (Male) |
| 21:25 | Create | Villager (Male) |
| 21:38 | Research | Hand Cart |
| 21:40 | Create | Spearman |
| 21:40 | Create | Spearman |
| 22:23 | Create | Spearman |
| 22:23 | Create | Spearman |
| 22:35 | Create | Battering Ram |
| 22:39 | Research | Chain Mail Armor |
| 22:46 | Create | Villager (Male) |
| 22:46 | Create | Villager (Male) |
| 22:48 | Create | Villager (Male) |
| 22:48 | Create | Villager (Male) |
| 22:48 | Create | Villager (Male) |
| 22:49 | Create | Villager (Male) |
| 22:49 | Create | Villager (Male) |
| 23:00 | Build | Mining Camp |
| 23:08 | Research | Town Watch |
| 23:15 | Create | Villager (Male) |
| 23:15 | Create | Villager (Male) |
| 23:15 | Create | Villager (Male) |
| 23:35 | Create | Battering Ram |
| 23:38 | Research | Man-at-Arms (upgrade) |
| 23:39 | Create | Militia |
| 23:39 | Create | Militia |
| 23:41 | Create | Villager (Male) |
| 23:41 | Create | Villager (Male) |
| 23:45 | Create | Militia |
| 23:47 | Research | Gambesons |
| 23:52 | Create | Villager (Male) |
| 23:52 | Create | Villager (Male) |
| 23:58 | Create | Spearman |
| 23:58 | Create | Spearman |
| 24:06 | Build | House |
| 24:07 | Build | House |
| 24:08 | Build | House |
| 24:09 | Build | House |
| 24:16 | Build | House |
| 24:17 | Build | House |
| 24:26 | Create | Villager (Male) |
| 24:26 | Create | Villager (Male) |
| 24:46 | Create | Villager (Male) |
| 24:47 | Create | Villager (Male) |
| 24:48 | Create | Militia |
| 24:50 | Create | Spearman |
Build order — Poliwag
First 150 of 253 actions detected
| 0:03 | Build | House |
| 0:04 | Build | House |
| 0:05 | Create | Villager (Male) |
| 0:05 | Create | Villager (Male) |
| 0:05 | Create | Villager (Male) |
| 0:06 | Create | Villager (Male) |
| 1:39 | Create | Villager (Male) |
| 1:39 | Create | Villager (Male) |
| 1:49 | Build | Lumber Camp |
| 2:11 | Create | Villager (Male) |
| 2:11 | Create | Villager (Male) |
| 2:18 | Create | Villager (Male) |
| 3:05 | Create | Villager (Male) |
| 3:05 | Create | Villager (Male) |
| 3:12 | Create | Villager (Male) |
| 3:13 | Create | Villager (Male) |
| 3:32 | Build | House |
| 4:01 | Build | Mill |
| 4:16 | Create | Villager (Male) |
| 4:30 | Create | Villager (Male) |
| 5:04 | Create | Villager (Male) |
| 5:33 | Create | Villager (Male) |
| 5:38 | Build | House |
| 5:55 | Create | Villager (Male) |
| 6:17 | Create | Villager (Male) |
| 6:31 | Create | Villager (Male) |
| 7:14 | Create | Villager (Male) |
| 7:34 | Create | Villager (Male) |
| 7:48 | Build | Mining Camp |
| 8:01 | Research | Feudal Age |
| 10:15 | Age | Feudal Age |
| 10:23 | Create | Villager (Male) |
| 10:24 | Create | Villager (Male) |
| 10:56 | Build | Market |
| 10:57 | Build | Blacksmith |
| 11:17 | Create | Villager (Male) |
| 11:21 | Build | House |
| 11:25 | Research | Loom |
| 11:35 | Research | Double-Bit Axe |
| 11:49 | Build | Farm |
| 11:49 | Build | Farm |
| 11:49 | Build | Farm |
| 11:50 | Build | Farm |
| 11:50 | Build | Farm |
| 11:59 | Create | Villager (Male) |
| 12:14 | Build | Farm |
| 12:14 | Build | Farm |
| 12:26 | Research | Wheelbarrow |
| 12:44 | Build | Farm |
| 13:03 | Build | House |
| 13:15 | Build | Farm |
| 13:15 | Build | Farm |
| 13:16 | Build | Farm |
| 13:46 | Create | Villager (Male) |
| 14:06 | Research | Castle Age |
| 14:08 | Build | Farm |
| 14:08 | Build | Farm |
| 14:09 | Build | Farm |
| 14:09 | Build | Farm |
| 14:10 | Build | Farm |
| 14:30 | Research | Horse Collar |
| 16:09 | Build | Mining Camp |
| 16:34 | Create | Villager (Male) |
| 16:51 | Age | Castle Age |
| 16:53 | Build | Town Center |
| 16:58 | Build | Town Center |
| 17:15 | Create | Villager (Male) |
| 17:30 | Create | Villager (Male) |
| 17:50 | Create | Villager (Male) |
| 17:53 | Research | Stone Mining |
| 17:58 | Create | Villager (Male) ×5 |
| 17:58 | Create | Villager (Male) ×5 |
| 17:59 | Create | Villager (Male) ×5 |
| 17:59 | Create | Villager (Male) ×5 |
| 17:59 | Create | Villager (Male) ×3 |
| 17:59 | Create | Villager (Male) ×3 |
| 18:32 | Build | Farm |
| 18:32 | Build | Farm |
| 18:32 | Build | Farm |
| 18:37 | Create | Villager (Male) |
| 18:37 | Create | Villager (Male) |
| 18:56 | Build | Farm |
| 18:56 | Build | Farm |
| 18:56 | Build | Farm |
| 18:57 | Build | Farm |
| 19:03 | Build | Farm |
| 19:04 | Build | Farm |
| 19:15 | Create | Villager (Male) |
| 19:16 | Create | Villager (Male) |
| 19:16 | Create | Villager (Male) |
| 19:16 | Create | Villager (Male) |
| 19:25 | Create | Villager (Male) |
| 19:25 | Create | Villager (Male) |
| 19:25 | Create | Villager (Male) |
| 19:36 | Create | Villager (Male) |
| 19:48 | Build | Siege Workshop |
| 19:58 | Build | House |
| 19:59 | Build | House |
| 20:09 | Build | House |
| 20:09 | Build | House |
| 20:09 | Build | House |
| 20:09 | Build | House |
| 20:10 | Build | House |
| 20:10 | Build | House |
| 20:10 | Build | House |
| 20:10 | Build | House |
| 20:11 | Build | House |
| 20:12 | Build | House |
| 20:12 | Build | House |
| 20:13 | Build | House |
| 20:13 | Build | House |
| 20:13 | Build | House |
| 20:13 | Build | House |
| 20:13 | Build | House |
| 20:14 | Build | House |
| 20:14 | Build | House |
| 20:15 | Build | House |
| 20:16 | Build | House |
| 20:16 | Build | House |
| 20:16 | Build | House |
| 20:16 | Build | House |
| 20:17 | Build | House |
| 20:17 | Build | House |
| 20:31 | Build | Farm |
| 20:33 | Create | Villager (Male) |
| 20:34 | Create | Villager (Male) |
| 20:34 | Create | Villager (Male) |
| 20:34 | Create | Villager (Male) |
| 20:49 | Research | Stone Shaft Mining |
| 20:50 | Create | Villager (Male) |
| 20:51 | Create | Villager (Male) |
| 20:51 | Create | Villager (Male) |
| 21:12 | Build | Siege Workshop |
| 21:17 | Create | Villager (Male) |
| 21:17 | Create | Villager (Male) |
| 21:17 | Create | Villager (Male) |
| 21:18 | Create | Villager (Male) |
| 22:03 | Build | Siege Workshop |
| 22:05 | Create | Villager (Male) |
| 22:05 | Create | Villager (Male) |
| 22:05 | Create | Villager (Male) |
| 22:05 | Create | Villager (Male) |
| 22:06 | Create | Villager (Male) |
| 22:06 | Create | Villager (Male) |
| 22:06 | Create | Villager (Male) |
| 22:06 | Create | Villager (Male) |
| 22:16 | Build | Lumber Camp |
| 22:31 | Research | Bow Saw |
| 22:35 | Create | Villager (Male) |
| 22:36 | Create | Villager (Male) |
Match timeline
| 8:43 | Deleve3316 · first_building Barracks |
| 10:15 | Poliwag · age_up feudal |
| 10:21 | oOoOo_oO · age_up feudal |
| 11:16 | TobyO · age_up feudal |
| 11:37 | Ispakeinglis · age_up feudal |
| 11:55 | TobyO · first_building Barracks |
| 12:10 | argentineau · age_up feudal |
| 12:11 | Deleve3316 · first_building Stable |
| 12:14 | The_Physicist · age_up feudal |
| 12:22 | TobyO · first_market_buy 100 food |
| 12:28 | oOoOo_oO · first_market_buy 100 food |
| 12:28 | TobyO · first_market_sell 100 stone |
| 12:32 | oOoOo_oO · first_market_sell 100 stone |
| 13:02 | Ispakeinglis · first_building Barracks |
| 15:17 | TobyO · age_up castle |
| 15:18 | Ispakeinglis · age_up castle |
| 15:33 | Ispakeinglis · first_market_buy 100 wood |
| 15:42 | oOoOo_oO · age_up castle |
| 15:42 | TobyO · first_building Castle |
| 15:45 | oOoOo_oO · first_building Castle |
| 15:47 | Deleve3316 · first_market_buy 100 food |
| 16:03 | Ispakeinglis · first_building Monastery |
| 16:09 | The_Physicist · age_up castle |
| 16:19 | Ispakeinglis · first_market_sell 100 food |
| 16:51 | Poliwag · age_up castle |
| 16:57 | The_Physicist · first_building Monastery |
| 17:43 | LadenStone72050 · first_building Monastery |
| 18:21 | argentineau · first_building Barracks |
| 18:45 | LadenStone72050 · first_building Castle |
| 18:46 | Ispakeinglis · first_building Siege Workshop |
| 19:03 | TobyO · wall_segment Stone Wall x5 |
| 19:13 | argentineau · age_up castle |
| 19:26 | argentineau · first_building Siege Workshop |
| 19:48 | Poliwag · first_building Siege Workshop |
| 20:18 | Deleve3316 · first_building Castle |
| 21:12 | The_Physicist · wall_segment Stone Wall x1 |
| 21:49 | TobyO · first_building Monastery |
| 22:33 | argentineau · first_market_sell 100 food |
| 23:55 | Poliwag · first_building Barracks |
| 24:20 | Poliwag · first_building Castle |
| 24:21 | The_Physicist · first_building Castle |
| 25:12 | The_Physicist · first_building Barracks |
| 27:05 | LadenStone72050 · first_market_buy 100 food |
| 27:19 | Ispakeinglis · first_building Castle |
| 27:55 | The_Physicist · first_building Archery Range |
| 28:07 | TobyO · first_building Archery Range |
| 28:35 | The_Physicist · age_up imperial |
| 28:38 | Deleve3316 · first_building Monastery |
| 28:49 | TobyO · age_up imperial |
| 29:44 | argentineau · first_building Stable |
| 30:05 | oOoOo_oO · first_building Barracks |
| 30:21 | LadenStone72050 · first_building Siege Workshop |
| 30:45 | Ispakeinglis · age_up imperial |
| 31:21 | Poliwag · age_up imperial |
| 31:56 | Ispakeinglis · tribute_sent a jugador 1 |
| 31:56 | Ispakeinglis · tribute_sent a jugador 2 |
| 31:56 | Ispakeinglis · tribute_sent a jugador 4 |
| 31:56 | Ispakeinglis · tribute_sent a jugador 5 |
| 31:56 | Ispakeinglis · tribute_sent a jugador 6 |
| 31:56 | Ispakeinglis · tribute_sent a jugador 7 |
| 31:56 | Ispakeinglis · tribute_sent a jugador 8 |
| 33:13 | oOoOo_oO · first_building Stable |
| 33:26 | The_Physicist · first_building Siege Workshop |
| 33:54 | oOoOo_oO · first_building Monastery |
| 35:26 | TobyO · first_building Siege Workshop |
| 35:57 | argentineau · first_market_buy 100 stone |
| 36:02 | argentineau · first_building Castle |
| 36:57 | oOoOo_oO · age_up imperial |
| 37:22 | The_Physicist · first_building Stable |
| 38:54 | Ispakeinglis · tribute_sent a jugador 1 |
| 38:54 | Ispakeinglis · tribute_sent a jugador 2 |
| 38:54 | Ispakeinglis · tribute_sent a jugador 4 |
| 38:54 | Ispakeinglis · tribute_sent a jugador 5 |
| 38:54 | Ispakeinglis · tribute_sent a jugador 6 |
| 38:54 | Ispakeinglis · tribute_sent a jugador 7 |
| 38:54 | Ispakeinglis · tribute_sent a jugador 8 |
| 41:09 | LadenStone72050 · first_market_sell 100 food |
| 41:31 | Deleve3316 · first_market_sell 100 food |
| 41:38 | Ispakeinglis · first_building Stable |
| 41:38 | argentineau · resign |
| 42:12 | LadenStone72050 · first_building Barracks |
[ AI ANALYSIS · 1 CREDIT ]
What really happened in this match?
Wolo.gg analyzes every decision: build order, eco, micro, common mistakes by bracket. Personalized analysis on WhatsApp or Discord in 30 seconds.
Civ guide
Saracens
Map guide
Arena
Perfil
Deleve3316